 Dungeon Crawl Stone Soup version 0.21.1-1-g345015f (webtiles) character file.

659157 Goblin1989 the Merry Centaur (level 27, -2/254 HPs)
             Began as a Centaur Hunter on Mar 7, 2018.
             Was the Champion of Okawaru.
             Slain by a death cob (11 damage)
             ... on level 5 of the Realm of Zot on Mar 10, 2018.
             The game lasted 04:52:25 (82155 turns).

Goblin1989 the Merry Centaur (Centaur Hunter)      Turns: 82155, Time: 04:52:26

Health: -2/254     AC: 31    Str: 27    XL:     27
Magic:  20/36      EV: 21    Int: 16    God:    Okawaru [******]
Gold:   9823       SH:  8    Dex: 21    Spells: 13/45 levels left

rFire    + . .     SeeInvis +   U - +10 longbow "Egoap" {freeze, *Drain Int+6}
rCold    + + .     Gourm    .   (shield currently unavailable)
rNeg     + + .     Faith    .   L - +9 ring mail of Existentialism {MR+}
rPois    +         Spirit   .   u - +0 hat of Imperfection {god gift, rF+ rC+ Str+2}
rElec    +         Reflect  +   l - +2 cloak {MR+}
rCorr    +         Harm     .   N - +2 pair of gloves {archery}
MR       ++++.                  C - +0 centaur barding of Okawaru's Displeasure {god gift, rCorr Dex+10 SInv Stlth-}
Stlth    ..........             D - brooch of Shielding {Reflect SH+8}
HPRegen  0.52/turn              w - ring "Qode" {rElec rPois rN+}
MPRegen  0.25/turn              b - ring "Kutrif" {Wiz rC+ rN+}

@: slowed
A: large, hooves 3, deformed body, dopey 1, speed 2, tough skin 3, subdued magic
1
}: 3/15 runes: serpentine, barnacled, silver
a: Heroism, Finesse, Renounce Religion


You were on level 5 of the Realm of Zot.
You worshipped Okawaru.
Okawaru was exalted by your worship.
You were full.

You visited 11 branches of the dungeon, and saw 53 of its levels.
You also visited: Ice Cave, Volcano and Desolation.

You collected 10596 gold pieces.
You spent 773 gold pieces at shops.

Inventory:

Hand Weapons
 U - the +10 longbow "Egoap" (weapon) {freeze, *Drain Int+6}
   (You found it on level 3 of the Lair of Beasts)

   It causes projectiles fired from it to freeze those they strike, causing
   extra injury to most foes and up to half again as much damage against
   particularly susceptible opponents.
   They can also slow down cold-blooded creatures.
   It affects your intelligence (+6).
   It causes draining when unequipped.
Missiles
 d - 1270 arrows (quivered)
Armour
 l - a +2 cloak of magic resistance (worn)
 u - the +0 hat of Imperfection (worn) {god gift, rF+ rC+ Str+2}
   (Okawaru gifted it to you on level 3 of the Snake Pit)

   It affects your strength (+2).
   It protects you from fire.
   It protects you from cold.
 C - the +0 centaur barding of Okawaru's Displeasure (worn) {god gift, rCorr Dex+10 SInv Stlth-}
   (Okawaru gifted it to you on level 1 of the Snake Pit)

   It affects your dexterity (+10).
   It lets you see invisible.
   It protects you from acid and corrosion.
   It makes you less stealthy.
 L - the +9 ring mail of Existentialism (worn) {MR+}
   (You bought it in a shop on level 1 of the Shoals)

   It affects your resistance to hostile enchantments.
 N - a +2 pair of gloves of archery (worn)
 Y - a scarf of cloud immunity {god gift}
Jewellery
 a - the ring of Zin's Generosity {rF+ Slay+2}
   (You found it in the Desolation of Salt)

   [ring of slaying]

   It affects your accuracy and damage with ranged weapons and melee attacks
   (+2).
   It protects you from fire.
 b - the ring "Kutrif" (right hand) {Wiz rC+ rN+}
   (You took it off a spriggan defender on level 4 of the Depths)

   [ring of wizardry]

   It improves your spell success rate.
   It protects you from cold.
   It protects you from negative energy.
 c - an uncursed ring of protection from cold
 m - an uncursed ring of protection from magic
 o - the ring "Ogaexaggi" {+Fly rN++}
   (You found it in the Desolation of Salt)

   [ring of flight]

   It greatly protects you from negative energy.
   It lets you fly.
 t - the ring of Anwenadur {rCorr rPois MP+9 Str-4 Int+6}
   (You found it on level 3 of the Elven Halls)

   [ring of resist corrosion]

   It affects your strength (-4).
   It affects your intelligence (+6).
   It protects you from poison.
   It affects your magic capacity (+9).
 w - the ring "Qode" (left hand) {rElec rPois rN+}
   (You found it on level 3 of the Crypt)

   [ring of positive energy]

   It insulates you from electricity.
   It protects you from poison.
   It protects you from negative energy.
 A - a cursed +2 amulet of reflection
 D - the brooch of Shielding (around neck) {Reflect SH+8}
   (You found it on level 4 of the Shoals)

   [amulet of reflection]

   It shields you and reflects attacks.
   It affects your SH (+8).
 S - the amulet of Pokh {Regen+ Dex+3}
   (You found it in the Desolation of Salt)

   [amulet of regeneration]

   It affects your dexterity (+3).
   It increases your rate of regeneration.
Wands
 V - a wand of digging (37)
Scrolls
 h - 34 scrolls of teleportation {!r, @r3}
 q - 7 scrolls of fear
 B - a scroll of blinking
 F - a scroll of enchant weapon
 G - 8 scrolls of fog
 I - a scroll of holy word
 J - 32 scrolls of remove curse {@r2}
 M - 5 scrolls of magic mapping
 P - 2 scrolls of silence
 R - 11 scrolls of identify {@r1}
 W - a scroll of summoning
Potions
 g - 3 potions of invisibility
 p - 3 potions of cancellation
 r - 4 potions of mutation {!q}
 v - 5 potions of might
 z - 5 potions of heal wounds {@q2, !q}
 E - 2 potions of resistance
 H - 2 potions of berserk rage
 K - 8 potions of haste {@q3, !q}
 O - 3 potions of ambrosia
 Q - 20 potions of curing {@q1}
 T - 6 potions of agility
 X - 7 potions of flight
 Z - 2 potions of brilliance
Comestibles
 e - 71 rations


   Skills:
 * Level 22.0 Fighting
 O Level 27 Bows
 - Level 14.5 Armour
 * Level 17.8 Dodging
 - Level 0.4 Stealth
 + Level 14.6 Unarmed Combat
 + Level 9.8 Spellcasting
 - Level 4.0 Charms
 + Level 6.7 Summonings
 + Level 9.6 Necromancy
 - Level 6.0 Translocations
 - Level 10.0 Transmutations
 + Level 8.6 Earth Magic
 - Level 10.0 Invocations


You had 13 spell levels left.
You knew the following spells:

 Your Spells              Type           Power        Failure   Level  Hunger
a - Blade Hands           Tmut           ####......   1%          5    #####..
b - Borgnjor's Vile Clut  Necr/Erth      ####......   2%          5    #####..
j - Portal Projectile     Hex/Tloc       ##....       3%          3    None
o - Apportation           Tloc           ###...       1%          1    None
y - Song of Slaying       Chrm           ###.....     1%          2    None
A - Aura of Abjuration    Summ           ###.......   8%          5    #####..
R - Regeneration          Chrm/Necr      ###.......   1%          3    None
Y - Statue Form           Tmut/Erth      ####.....    14%         6    ######.
Z - Sublimation of Blood  Necr           ####......   1%          2    None


Dungeon Overview and Level Annotations

Branches:
Dungeon (15/15)            Temple (1/1) D:7            Lair (6/6) D:8
 Shoals (4/4) Lair:2        Snake (4/4) Lair:3        Slime (0/5) Lair:6
    Orc (2/2) D:11            Elf (3/3) Orc:2        Vaults (5/5) D:13
  Crypt (3/3) Vaults:2       Tomb (0/3) Crypt:3      Depths (5/5) D:15
    Zot (5/5) Depths:5

Altars:
Ashenzari
Cheibriados
Dithmenos
Elyvilon
Fedhas
Gozag
Hepliaklqana
Kikubaaqudgha
Nemelex Xobeh
Okawaru
Qazlal
Ru
Sif Muna
Trog
Uskayaw
Vehumet
Wu Jian
Xom
Yredelemnul
Zin
The Shining One
Beogh

Shops:
D:4 }   D:5 ?   Orc:2 [}*(   Shoals:1 [   Snake:1 }   Snake:2 :*   Vaults:1 }
Vaults:3 =   Vaults:4 %   Vaults:5 !   Depths:5 *

Portals:
Hell: Depths:1 Depths:2 Depths:3 Depths:4 Depths:5
Abyss: Depths:4 Depths:5
Pandemonium: Depths:3
Ziggurat: Depths:5

Annotations:
Elf:2 3 runed doors
Zot:5 1 exclusion


Innate Abilities, Weirdness & Mutations

You have hooves in place of feet.
Armour fits poorly on your strangely shaped body.
You cover ground very quickly.
You have extremely tough skin. (AC +3)
You are dopey. (Int -2)
Your spells are a little easier to cast, but a little less powerful.


Message History

The Killer Klown blinks!
The death cob hits you but does no damage.
You block the death cob's attack.
The storm dragon bites you but does no damage.
The storm dragon closely misses you. You block the storm dragon's attack.
The storm dragon misses you. The storm dragon closely misses you.
The storm dragon tramples you but does no damage.
The death cob misses you. You block the death cob's attack.
The storm dragon barely misses you. x2
The storm dragon closely misses you. The storm dragon bites you.
* * * LOW HITPOINT WARNING * * *
You block the storm dragon's attack. The storm dragon barely misses you.
You take 3 damage, and have 71/254 hp.
A moth of wrath comes into view.
The moth of wrath's fur bristles in rage as it notices you.
The storm dragon rages.
The death cob closely misses you. You block the storm dragon's attack.
The storm dragon claws you but does no damage.
The storm dragon misses you. The storm dragon closely misses you.
The storm dragon claws you but does no damage.
The storm dragon tramples you but does no damage.
You block the death cob's attack. The death cob misses you.
You hear a distant blaring wail to the southwest.
The storm dragon bites you!
* * * LOW HITPOINT WARNING * * *
You block the storm dragon's attack.
The storm dragon tramples you but does no damage.
You take 10 damage, and have 62/254 hp.
The death cob completely misses you.
The death cob hits you but does no damage. x2
The storm dragon bites you.
* * * LOW HITPOINT WARNING * * *
The storm dragon completely misses you. The storm dragon tramples you.
* * * LOW HITPOINT WARNING * * *
You stumble backwards!
You take 9 damage, and have 53/254 hp.
Unknown command.
Firing (i - inventory):
d - 1272 arrows (quivered)
Press: ? - help, Shift-Dir - straight line, f - death cob
Aim: a death cob You shoot an arrow.
The arrow hits the storm dragon!
The arrow freezes the storm dragon.
The storm dragon is lightly wounded.
The storm dragon is no longer berserk.
You block the storm dragon's attack.
The storm dragon closely misses you. x2; The death cob misses you.
The storm dragon bites you but does no damage.
The storm dragon claws you but does no damage.
The storm dragon tramples you!
* * * LOW HITPOINT WARNING * * *
You stumble backwards!
You take 8 damage, and have 45/254 hp.
Firing (i - inventory):
d - 1271 arrows (quivered)
Press: ? - help, Shift-Dir - straight line, f/p - death cob
Aim: a death cob You shoot an arrow.
The arrow hits the storm dragon!
The arrow freezes the storm dragon.
The storm dragon is lightly wounded.
The storm dragon barely misses you. The storm dragon misses you.
You block the storm dragon's attack. You block the death cob's attack.
The storm dragon breathes lightning at you.
The bolt of lightning misses you.
The storm dragon bites you but does no damage.
You block the storm dragon's attack.
The storm dragon tramples you but does no damage.
The death cob hits you.
* * * LOW HITPOINT WARNING * * *
The storm dragon rages.
The death cob closely misses you.
You take 4 damage, and have 42/254 hp.
You block the death cob's attack.
The Killer Klown grows four more heads, takes them off and juggles!
The death cob hits you!!
* * * LOW HITPOINT WARNING * * *
The death cob drains your vigour!
You feel as though you will be slow longer.
The storm dragon misses you.
The storm dragon claws you but does no damage.
The storm dragon tramples you but does no damage.
You hear a distant "Zot"! x2
The storm dragon breathes lightning at you.
The bolt of lightning hits the storm dragon.
The storm dragon completely resists.
The bolt of lightning misses you.
You take 21 damage, and have 21/254 hp.
Really quaff
z - 6 potions of heal wounds {@q2, !q}?
You feel much better. The death cob hits you.
* * * LOW HITPOINT WARNING * * *
The death cob hits you.
* * * LOW HITPOINT WARNING * * *
The storm dragon bites you!
* * * LOW HITPOINT WARNING * * *
You block the storm dragon's attack. The storm dragon tramples you!!
* * * LOW HITPOINT WARNING * * *
You stumble backwards!
The Killer Klown strangle-hugs you.
* * * LOW HITPOINT WARNING * * *
You feel your power leaking away. The storm dragon completely misses you.
The storm dragon closely misses you.
The storm dragon tramples you but does no damage.
The death cob hits you!
You die...

·····............█ █......█
·····............█ █.....(█
·····............█ █......█
·····............██████......████
▓▓▓▓▓......................(.....
▓........(......."...........
▓........(y..................
▓.......D..zp((.(....<.......
▓..........D@................
▓██████████████████████████▲█
▓·························
▓···········Ψ·············
▓·························
▓·························
▓························Ψ
▓·························
███████████▓···▓▓▓▓▓▓▓▓▓··▓▓▓····


You could see a Killer Klown, 2 storm dragons, a death cob and a moth of wrath.

Vanquished Creatures
  An orb of fire (Zot:2)
  4 ancient liches
  Sojobo (Crypt:1)
  2 greater mummies (Depths:2)
  Bai Suzhen (Elf:3)
  4 curse toes
  Saint Roka (Snake:3)
  Vashnia (Snake:4)
  Nikola (Elf:3)
  15 golden dragons
  the Enchantress (Depths:4)
  2 bone dragons
  3 electric golems
  Jorgrun (Depths:5)
  14 tentacled monstrosities
  Asterion (Elf:1)
  9 quicksilver dragons
  A deep elf master archer (Elf:3)
  5 titans
  2 deep elf blademasters (Elf:3)
  10 liches
  A kraken (Shoals:4)
  Polyphemus (Shoals:2)
  10 sphinxes
  2 ancient champions
  10 death cobs
  15 shadow dragons
  7 storm dragons
  8 nagarajas
  5 draconian monks
  8 tengu reavers
  Ilsuiw (Shoals:4)
  7 fire giants
  4 revenants
  11 frost giants
  3 imperial myrmidons (Desolation)
  5 deep elf sorcerers
  3 ghost moths
  15 ironheart preservers
  A curse skull (Crypt:2)
  16 vault wardens
  2 iron dragons
  8 ghouls
  A draconian knight (Zot:2)
  An orc warlord (Orc:1)
  A reaper (Crypt:2)
  5 draconian scorchers
  A caustic shrike zombie (Crypt:2)
  The ghost of jazmu the Destroyer, a journeyman DsFE of Sif Muna (Lair:6)
  2 draconian stormcallers (Zot:4)
  7 deep elf elementalists (Elf:3)
  4 war gargoyles (Crypt:3)
  2 draconian annihilators
  3 draconian shifters
  13 stone giants
  6 green draconians
  3 entropy weavers
  3 spriggan defenders (Depths:4)
  14 very ugly things
  7 black draconians
  4 deep elf demonologists
  8 vampire knights
  10 deep elf annihilators
  5 white draconians
  7 red draconians
  A spark wasp (shapeshifter) (Depths:3)
  The ghost of cada the Geomancer, a journeyman FoEE of Cheibriados (D:14)
  3 halazid warlocks (Desolation)
  10 yellow draconians
  The ghost of TheDeathLetter the Spear-Bearer, a journeyman MiBe of Trog (Lair:3)
  A spark wasp (Depths:1)
  21 ettins
  6 purple draconians
  Snorg (D:10)
  11 merfolk impalers
  11 yaktaur captains
  Josephine (Lair:4)
  4 crystal guardians
  4 mummy priests (Depths:2)
  9 merfolk javelineers
  10 jiangshi
  12 deep elf death magi
  3 eidola
  4 servants of whispers
  8 ice dragons
  18 ogre magi
  5 deep elf high priests
  6 ragged hierophants (Desolation)
  3 great orbs of eyes
  Harold (D:10)
  Fannar (D:10)
  13 fire dragons
  2 rakshasas
  6 hydras
  13 naga warriors
  A quicksilver dragon skeleton (Crypt:1)
  5 spriggan air magi
  6 peacekeepers (Desolation)
  4 merfolk avatars
  4 death knights
  2 catoblepae
  18 anacondas
  5 satyrs (Shoals:4)
  12 centaur warriors
  2 alligator snapping turtles
  An anaconda (shapeshifter) (Vaults:5)
  A death yak (shapeshifter) (Vaults:5)
  38 vault guards
  22 dancing weapons
  11 merfolk aquamancers (Shoals:4)
  6 deep troll shamans
  3 tengu warriors
  2 titan zombies (Crypt:3)
  14 death yaks
  5 spriggan berserkers
  A queen ant (shapeshifter) (Depths:3)
  57 two-headed ogres
  12 vampire magi
  5 deep troll earth magi
  2 orc high priests
  5 shock serpents
  26 naga sharpshooters
  11 deep elf knights
  A titan skeleton (Crypt:1)
  Nergalle (Lair:3)
  A storm dragon zombie (Crypt:1)
  6 sea snakes
  5 iron trolls
  44 skeletal warriors
  13 salamander mystics
  A death drake (Zot:4)
  3 glowing orange brains
  2 golden dragon zombies (Crypt:3)
  9 hell knights
  A sea snake (shapeshifter) (Vaults:5)
  27 deep trolls
  9 flayed ghosts
  4 naga ritualists (Snake:4)
  2 wizards
  A storm dragon skeleton (Crypt:1)
  A lindwurm (shapeshifter) (Depths:4)
  A shadow dragon zombie (Crypt:3)
  5 unseen horrors
  26 ironbrand convokers
  5 lindwurms
  28 harpies
  A swamp dragon (Lair:6)
  6 phantasmal warriors
  12 deep elf archers
  31 orc knights
  An iron dragon zombie (Crypt:3)
  41 ugly things
  10 necromancers
  12 mana vipers
  5 orc sorcerers
  50 deep elf magi
  4 cyclopes
  22 moths of wrath
  17 fauns
  4 wolf spiders
  21 salamanders
  A manticore (shapeshifter) (Depths:4)
  3 fire giant zombies (Crypt:3)
  14 manticores
  An elephant (shapeshifter) (Depths:2)
  A stone giant skeleton (Crypt:3)
  2 guardian serpents (shapeshifter)
  3 centaur zombies
  2 fire giant skeletons
  2 frost giant skeletons
  Maurice (Orc:1)
  16 vault sentinels
  6 merfolk sirens
  8 guardian serpents
  43 black mambas
  A black mamba (shapeshifter) (Vaults:3)
  7 torpor snails
  3 water nymphs
  An eye of devastation (shapeshifter) (Vaults:4)
  2 ice statues (IceCv)
  A hellion (Depths:1)
  20 naga magi
  3 gargoyles
  A spiny frog (shapeshifter) (Depths:4)
  7 spiny frogs
  A shock serpent skeleton (Crypt:2)
  A titan simulacrum (Crypt:1)
  4 rime drakes
  13 freezing wraiths
  6 komodo dragons
  50 yaktaurs
  2 ice devils (Orc:1)
  A black draconian skeleton (Crypt:1)
  A hellwing (Depths:1)
  27 merfolk
  3 tengu conjurers
  6 guardian mummies
  14 trolls
  A meliai (shapeshifter) (Depths:5)
  2 polar bears
  A troll (shapeshifter) (Depths:1)
  4 tyrant leeches (Lair:6)
  2 jumping spiders
  Prince Ribbit (D:8)
  9 large abominations
  4 wind drakes
  59 saltlings
  2 hydra skeletons
  2 bog bodies (Crypt:1)
  A merfolk (shapeshifter) (Depths:4)
  10 hornets
  2 harpy skeletons
  10 slime creatures
  A hippogriff (shapeshifter) (Vaults:2)
  A fire dragon zombie (Crypt:1)
  A blink frog (shapeshifter) (Depths:1)
  6 dream sheep (Lair:5)
  A stone giant simulacrum (Vaults:2)
  A meliai zombie (D:10)
  2 human simulacra
  3 redbacks
  A fire giant simulacrum (Vaults:2)
  20 blink frogs
  23 flying skulls (Crypt:3)
  6 snapping turtles
  4 air elementals
  3 hippogriffs
  4 spriggans
  11 water elementals
  Eustachio (D:5)
  A shadow (D:14)
  4 hogs (D:7)
  4 wyverns
  12 wraiths
  A human (D:7)
  A satyr skeleton (Crypt:2)
  28 yaks
  7 basilisks
  6 fire elementals
  2 hungry ghosts
  7 fire bats (Volcano)
  A hog (shapeshifter) (D:13)
  A basilisk (shapeshifter) (Vaults:4)
  5 vampire mosquitoes
  2 chaos spawn (Depths:5)
  A wind drake skeleton (Crypt:1)
  Menkaure (D:5)
  49 nagas
  4 acid dragons
  A soldier ant (D:14)
  15 wargs
  11 water moccasins
  An infernal demonspawn zombie (Crypt:2)
  A hell hound (Depths:1)
  A porcupine (shapeshifter) (Depths:2)
  A spiny frog zombie (Crypt:1)
  11 porcupines
  5 sky beasts
  7 necrophages
  80 orc warriors
  3 swamp drakes (Lair:6)
  3 phantoms
  An elephant zombie (Crypt:2)
  An ice dragon simulacrum (Vaults:1)
  A black bear (D:10)
  7 ice beasts
  A manticore zombie (Crypt:1)
  9 boggarts
  2 eyes of draining
  A lindwurm skeleton (Crypt:2)
  A lindwurm zombie (Crypt:2)
  51 ogres
  8 wolves
  13 crocodiles
  28 centaurs
  3 big kobolds
  A fire crab zombie (Crypt:1)
  A rime drake skeleton (Crypt:2)
  5 elf zombies (Elf:1)
  16 bullfrogs
  4 small abominations
  An ogre simulacrum (Vaults:1)
  2 gnoll sergeants
  A human skeleton (Vaults:2)
  A wyvern zombie (D:6)
  3 earth elementals (Elf:3)
  A hornet simulacrum (D:9)
  3 scorpions
  A spriggan zombie (Crypt:1)
  11 killer bees
  15 wights
  2 howler monkeys
  5 electric eels
  8 crimson imps
  7 lava snakes (Volcano)
  A quasit (D:5)
  7 hounds
  3 bullfrog skeletons
  3 bullfrog zombies
  33 orc priests
  5 jellies
  7 iguanas
  15 orc wizards
  8 worker ants
  A bullfrog simulacrum (D:9)
  A tengu zombie (Crypt:1)
  2 mummies
  A hound skeleton (D:9)
  2 worker ant zombies
  Robin (D:3)
  8 gnolls
  15 adders
  4 shadow imps
  2 white imps
  An ooze (D:4)
  An adder zombie (D:6)
  An adder skeleton (D:4)
  6 worms
  3 dart slugs
  A leopard gecko (D:2)
  145 orcs
  11 bats
  5 giant cockroaches
  19 goblins
  6 hobgoblins
  21 jackals
  6 quokkas
  A ball python (D:1)
  9 frilled lizards
  A goblin skeleton (Crypt:1)
  19 kobolds
  9 rats
  3 crawling corpses
  3 plants
  2 tentacles (Shoals:4)
2596 creatures vanquished.

Vanquished Creatures (collateral kills)
  An imperial myrmidon (Desolation)
  A ragged hierophant (Desolation)
  3 servants of whispers (Desolation)
  A guardian serpent (Desolation)
  3 saltlings (Desolation)
9 creatures vanquished.

Vanquished Creatures (others)
  A stone giant (Vaults:4)
  2 centaur warriors (D:14)
  A faun (Shoals:4)
  4 yaktaurs
  A kobold (D:9)
  10 fungi
  57 plants
  6 tentacles (Shoals:4)
82 creatures vanquished.

Grand Total: 2687 creatures vanquished

Notes
Turn   | Place    | Note
-------+----------+-------------------------------------------
     0 | D:1      | Goblin1989 the Centaur Hunter began the quest for the Orb.
     0 | D:1      | Reached XP level 1. HP: 17/17 MP: 1/1
   124 | D:1      | Reached XP level 2. HP: 24/24 MP: 2/2
   174 | D:1      | Reached skill level 6 in Bows
   724 | D:2      | Reached XP level 3. HP: 29/29 MP: 3/3
   779 | D:2      | Noticed a moth of wrath
   782 | D:2      | Found a bloodstained altar of Trog.
   886 | D:2      | Reached skill level 7 in Bows
   942 | D:2      | Reached XP level 4. HP: 32/36 MP: 4/4
  1405 | D:2      | Reached skill level 8 in Bows
  1744 | D:2      | Found a shimmering altar of Xom.
  1971 | D:3      | Reached XP level 5. HP: 23/41 MP: 5/5
  2423 | D:3      | Found an ancient bone altar of Kikubaaqudgha.
  2430 | D:3      | Found a hide-covered altar of Uskayaw.
  2625 | D:3      | Reached skill level 9 in Bows
  2792 | D:3      | Noticed Robin
  2813 | D:3      | Reached XP level 6. HP: 48/48 MP: 6/6
  2829 | D:3      | Killed Robin
  3054 | D:4      | Found Dyiplihi's Gadget Boutique.
  3219 | D:4      | Reached skill level 10 in Bows
  3339 | D:4      | Got a shadowed robe
  3556 | D:4      | HP: 2/48 [orc wizard/magic dart (5)]
  4028 | D:4      | Found a snail-covered altar of Cheibriados.
  4369 | D:4      | Found an opulent altar of Gozag.
  4518 | D:4      | Reached skill level 11 in Bows
  4518 | D:4      | Reached XP level 7. HP: 44/55 MP: 7/7
  4782 | D:5      | Entered Level 5 of the Dungeon
  4793 | D:5      | Identified the cursed +0 robe "Jefeegeb" {MR++ Int-3 Dex+4} (You found it on level 4 of the Dungeon)
  4899 | D:5      | Found a hazy altar of Hepliaklqana.
  5003 | D:5      | Noticed Eustachio
  5029 | D:5      | Found a stormy altar of Qazlal.
  5037 | D:5      | Noticed Menkaure
  5046 | D:5      | Killed Menkaure
  5067 | D:5      | Found Xaschof's Magic Scroll Shop.
  5075 | D:5      | Bought a scroll of enchant weapon for 105 gold pieces
  5075 | D:5      | Bought a scroll of teleportation for 42 gold pieces
  5075 | D:5      | Bought a scroll of fog for 28 gold pieces
  5281 | D:5      | Reached skill level 12 in Bows
  5423 | D:5      | Got a jewelled leather armour
  5536 | D:5      | Killed Eustachio
  5662 | D:5      | Identified the cursed +0 leather armour "Azoihafy" {Int+3} (You found it on level 5 of the Dungeon)
  6044 | D:6      | Reached XP level 8. HP: 44/61 MP: 8/8
  6247 | D:6      | Reached skill level 13 in Bows
  7059 | D:6      | Reached skill level 14 in Bows
  7607 | D:7      | Reached skill level 1 in Unarmed Combat
  7889 | D:7      | Reached skill level 1 in Armour
  8282 | D:7      | Reached XP level 9. HP: 66/69 MP: 9/9
  8297 | D:7      | Found a glowing silver altar of Zin.
  8600 | D:7      | Found a staircase to the Ecumenical Temple.
  8610 | Temple   | Entered the Ecumenical Temple
  8667 | Temple   | Became a worshipper of Warmaster Okawaru
  8694 | D:7      | Found a blossoming altar of Fedhas.
  8998 | D:7      | Reached * piety under Okawaru
  8998 | D:7      | Reached skill level 5 in Unarmed Combat
  9968 | D:8      | Reached XP level 10. HP: 68/80 MP: 10/10
  9997 | D:8      | Reached ** piety under Okawaru
 10105 | D:8      | Reached skill level 1 in Invocations
 10329 | D:8      | Reached skill level 5 in Fighting
 10763 | D:8      | Identified a scroll of acquirement
 10811 | D:8      | Noticed Prince Ribbit
 10816 | D:8      | Killed Prince Ribbit
 10905 | D:8      | Found a staircase to the Lair.
 11196 | D:9      | Noticed a two-headed ogre
 11210 | D:9      | Killed a two-headed ogre
 11210 | D:9      | Reached *** piety under Okawaru
 11374 | D:9      | Noticed a death yak
 11448 | D:9      | Killed a death yak
 11448 | D:9      | Received a gift from Okawaru
 11813 | D:9      | Found a radiant altar of Vehumet.
 12075 | D:9      | Noticed an orange demon
 12076 | D:9      | Noticed a rust devil
 12077 | D:9      | Found an ancient bone altar of Kikubaaqudgha.
 12077 | D:9      | Noticed a rust devil
 12147 | Lair:1   | Entered Level 1 of the Lair of Beasts
 12154 | Lair:1   | Noticed an eight-headed hydra
 12174 | Lair:1   | Killed an eight-headed hydra
 12174 | Lair:1   | Reached **** piety under Okawaru
 12174 | Lair:1   | Received a gift from Okawaru
 12174 | Lair:1   | Reached skill level 15 in Bows
 12174 | Lair:1   | Reached XP level 11. HP: 89/89 MP: 10/13
 12819 | Lair:1   | Received a gift from Okawaru
 13467 | Lair:2   | Received a gift from Okawaru
 14002 | Lair:2   | Reached ***** piety under Okawaru
 14002 | Lair:2   | Reached skill level 5 in Dodging
 14119 | Lair:2   | Reached skill level 5 in Invocations
 14372 | Lair:2   | Found a staircase to the Shoals.
 14472 | Lair:3   | Noticed a four-headed hydra
 14475 | Lair:3   | Killed a four-headed hydra
 14479 | Lair:3   | Noticed Nergalle
 14489 | Lair:3   | Killed Nergalle
 14489 | Lair:3   | Reached skill level 16 in Bows
 14489 | Lair:3   | Reached skill level 5 in Armour
 14764 | Lair:3   | Found a staircase to the Snake Pit.
 14832 | Lair:3   | Noticed TheDeathLetter's ghost (journeyman MiBe)
 15062 | Lair:3   | Killed TheDeathLetter's ghost
 15062 | Lair:3   | Received a gift from Okawaru
 15530 | Lair:3   | Got a brightly glowing longbow
 16195 | Lair:4   | Reached XP level 12. HP: 100/100 MP: 16/16
 16238 | Lair:4   | Received a gift from Okawaru
 16242 | Lair:4   | Identified the +10 longbow "Egoap" {freeze, *Drain Int+6} (You found it on level 3 of the Lair of Beasts)
 16849 | Lair:4   | Noticed a four-headed hydra
 16853 | Lair:4   | Killed a four-headed hydra
 16918 | Lair:4   | Reached skill level 17 in Bows
 16940 | Lair:4   | Noticed a death yak
 16942 | Lair:4   | Noticed a death yak
 16942 | Lair:4   | Noticed a death yak
 16943 | Lair:4   | Noticed a death yak
 16948 | Lair:4   | Noticed a death yak
 16953 | Lair:4   | Killed a death yak
 16961 | Lair:4   | Killed a death yak
 16963 | Lair:4   | Killed a death yak
 16966 | Lair:4   | Killed a death yak
 16973 | Lair:4   | Killed a death yak
 16977 | Lair:4   | Received a gift from Okawaru
 16999 | Lair:4   | Got a brightly glowing hat {god gift}
 17010 | Lair:4   | Identified the +0 hat of the Ten of Cups {god gift, rElec rC- SInv} (Okawaru gifted it to you on level 4 of the Lair of Beasts)
 17201 | Lair:4   | Noticed Josephine
 17207 | Lair:4   | Killed Josephine
 17482 | Lair:5   | Found a dark tunnel.
 17487 | Volcano  | Entered a volcano
 17884 | Volcano  | Reached XP level 13. HP: 87/110 MP: 17/17
 17947 | Volcano  | Reached skill level 18 in Bows
 17988 | Volcano  | Noticed a red draconian
 18004 | Volcano  | Killed a red draconian
 18441 | Volcano  | Found a radiant altar of Vehumet.
 18478 | Volcano  | Found a bloodstained altar of Trog.
 19121 | Lair:5   | Received a gift from Okawaru
 19509 | Lair:5   | Got a bone falchion
 19889 | Lair:6   | Entered Level 6 of the Lair of Beasts
 20002 | Lair:6   | Noticed jazmu's ghost (journeyman DsFE)
 20015 | Lair:6   | Killed jazmu's ghost
 20061 | Lair:6   | Reached skill level 19 in Bows
 20135 | Lair:6   | Found an opulent altar of Gozag.
 20216 | Lair:6   | Found a staircase to the Slime Pits.
 20318 | Lair:6   | Reached skill level 10 in Fighting
 20613 | Lair:6   | Noticed a fire dragon
 20658 | Lair:6   | Received a gift from Okawaru
 20658 | Lair:6   | Reached XP level 14. HP: 71/121 MP: 15/18
 20866 | Lair:6   | Found a runed door.
 21005 | Lair:6   | Paralysed by a hornet for 3 turns
 21021 | Lair:6   | HP: 2/121 [tyrant leech (21)]
 22054 | Lair:6   | Received a gift from Okawaru
 22522 | D:10     | Entered Level 10 of the Dungeon
 22774 | D:10     | Noticed Harold
 22789 | D:10     | Killed Harold
 22964 | D:10     | Noticed Fannar
 22982 | D:10     | Killed Fannar
 22982 | D:10     | Reached skill level 20 in Bows
 23349 | D:10     | Noticed Snorg
 23393 | D:10     | Killed Snorg
 23393 | D:10     | Received a gift from Okawaru
 23393 | D:10     | Reached ****** piety under Okawaru
 24168 | D:11     | Found a staircase to the Orcish Mines.
 24256 | D:11     | Learned a level 2 spell: Song of Slaying
 24260 | D:11     | Learned a level 3 spell: Regeneration
 24664 | D:12     | Received a gift from Okawaru
 24906 | D:12     | Received a gift from Okawaru
 25341 | D:12     | Found a sacrificial altar of Ru.
 25644 | D:5      | Bought a scroll of summoning for 133 gold pieces
 25644 | D:5      | Bought a scroll of fear for 49 gold pieces
 25644 | D:5      | Bought a scroll of magic mapping for 49 gold pieces
 25649 | D:5      | Got a slimy hat
 25660 | D:5      | Identified the +1 hat "Yckoexid" {+Inv rCorr Dex+2 Slay-5} (You acquired it on level 5 of the Dungeon)
 25830 | Orc:1    | Entered Level 1 of the Orcish Mines
 25838 | Orc:1    | Received a gift from Okawaru
 25869 | Orc:1    | Found a frozen archway.
 25887 | IceCv    | Entered an ice cave
 26036 | IceCv    | Found a transporter.
 26058 | IceCv    | Learned a level 5 spell: Blade Hands
 26236 | Orc:1    | Reached XP level 15. HP: 114/130 MP: 13/19
 26511 | Orc:1    | Reached skill level 21 in Bows
 26537 | Orc:1    | Found a roughly hewn altar of Beogh.
 26663 | Orc:1    | Noticed an orc warlord
 26674 | Orc:1    | Received a gift from Okawaru
 26685 | Orc:1    | Killed an orc warlord
 26732 | Orc:1    | Received a gift from Okawaru
 26799 | Orc:1    | Found a roughly hewn altar of Beogh.
 27102 | Orc:2    | Entered Level 2 of the Orcish Mines
 27401 | Orc:2    | Found a roughly hewn altar of Beogh.
 27507 | Orc:2    | Found Syuchelu's Weapon Shoppe.
 27520 | Orc:2    | Found Eddaklig's Assorted Antiques.
 27654 | Orc:2    | Bought a smoky coppery potion for 28 gold pieces
 27654 | Orc:2    | Bought an inky potion for 28 gold pieces
 27654 | Orc:2    | Bought a scroll labeled FANAFFOXZOD for 32 gold pieces
 27753 | Orc:2    | Found Operu's Gadget Shoppe.
 27835 | Orc:2    | Found Ishrowuh's Armour Shop.
 28172 | Orc:2    | Found a staircase to the Elven Halls.
 28442 | Orc:1    | Noticed Maurice
 28547 | Orc:1    | Killed Maurice
 29624 | D:14     | Noticed cada's ghost (journeyman FoEE)
 29647 | D:14     | Killed cada's ghost
 29874 | D:14     | Reached skill level 22 in Bows
 30150 | D:15     | Entered Level 15 of the Dungeon
 30704 | D:15     | Received a gift from Okawaru
 31192 | D:15     | Found a shattered altar of Ashenzari.
 31246 | D:15     | Reached XP level 16. HP: 139/139 MP: 20/20
 31337 | D:15     | Found a staircase to the Depths.
 31349 | D:15     | Found a glowing golden altar of the Shining One.
 31606 | D:15     | Received a gift from Okawaru
 32083 | Snake:1  | Entered Level 1 of the Snake Pit
 33335 | Snake:1  | Found Gocaz's Gadget Emporium.
 33412 | Snake:1  | Received a gift from Okawaru
 33415 | Snake:1  | Got a faintly glowing centaur barding {god gift}
 33426 | Snake:1  | Identified the +0 centaur barding of Okawaru's Displeasure {god gift, rCorr Dex+10 SInv Stlth-} (Okawaru gifted it to you on level 1 of the Snake Pit)
 33597 | Snake:2  | Found Kigatoet's General Store.
 33691 | Snake:2  | Found Niajuz's Book Shop.
 33724 | Snake:2  | Reached skill level 10 in Dodging
 34308 | Snake:2  | Found a radiant altar of Vehumet.
 34562 | Snake:2  | Reached skill level 23 in Bows
 34777 | Snake:2  | Reached skill level 10 in Armour
 35423 | Snake:3  | Received a gift from Okawaru
 35428 | Snake:3  | Noticed Saint Roka
 35442 | Snake:3  | Killed Saint Roka
 35649 | Snake:3  | Got a fine hat {god gift}
 35676 | Snake:3  | Identified the +0 hat of Imperfection {god gift, rF+ rC+ Str+2} (Okawaru gifted it to you on level 3 of the Snake Pit)
 36104 | Snake:3  | Reached XP level 17. HP: 149/149 MP: 21/21
 36859 | Snake:4  | Entered Level 4 of the Snake Pit
 37054 | Snake:4  | Noticed Vashnia
 37062 | Snake:4  | Killed Vashnia
 37511 | Snake:4  | Reached skill level 24 in Bows
 37857 | Snake:4  | Received a gift from Okawaru
 38072 | Snake:4  | Got steaming quicksilver dragon scales {god gift}
 39469 | Snake:4  | Received a gift from Okawaru
 39595 | Snake:4  | Reached XP level 18. HP: 160/160 MP: 22/22
 39877 | Snake:4  | Got a serpentine rune of Zot
 40662 | D:13     | Found a gate to the Vaults.
 40675 | Vaults:1 | Entered Level 1 of the Vaults
 40848 | Vaults:1 | Found a ruined gateway.
 40861 | Vaults:1 | Reached skill level 25 in Bows
 40956 | Vaults:1 | Identified the quicksilver dragon scales of Kindness {god gift, rPois MR+} (Okawaru gifted it to you on level 4 of the Snake Pit)
 40980 | Desolati | Entered the Desolation of Salt
 41049 | Desolati | Received a gift from Okawaru
 41343 | Desolati | Got a bloodstained fustibalus {god gift}
 41531 | Desolati | Got a bound amethyst amulet
 41536 | Desolati | Got a scorched hunting sling
 41539 | Desolati | Identified the Disquisition on Earth and the Arsonist
 41989 | Desolati | Received a gift from Okawaru
 42013 | Desolati | Got a faintly glowing helmet {god gift}
 42092 | Desolati | Got a slimy hunting sling
 42094 | Desolati | Got a slimy bone ring
 42101 | Desolati | Identified the Almanac of Boosts
 42114 | Desolati | Identified the +1 helmet of the Forest {god gift, Int+3} (Okawaru gifted it to you in the Desolation of Salt)
 42519 | Desolati | Got a scorched diamond amulet
 42562 | Desolati | Got a turquoise-encrusted scale mail
 42578 | Desolati | Identified the +3 scale mail of the Secret Gods {+Blink Int+6} (You found it in the Desolation of Salt)
 42610 | Desolati | Got a pitted ivory ring
 43293 | Vaults:1 | Identified the amulet of Pokh {Regen+ Dex+3} (You found it in the Desolation of Salt)
 43294 | Vaults:1 | Identified the amulet "Nuwnadghu" {Faith SInv Stlth+} (You found it in the Desolation of Salt)
 43295 | Vaults:1 | Identified the ring of Zin's Generosity {rF+ Slay+2} (You found it in the Desolation of Salt)
 43296 | Vaults:1 | Identified the ring "Ogaexaggi" {+Fly rN++} (You found it in the Desolation of Salt)
 43881 | Vaults:1 | Reached XP level 19. HP: 160/168 MP: 25/25
 44251 | Vaults:1 | Received a gift from Okawaru
 44563 | Vaults:1 | Found Tiareax's Gadget Shoppe.
 44589 | Vaults:1 | Received a gift from Okawaru
 44651 | Vaults:1 | Reached skill level 26 in Bows
 44825 | Vaults:1 | Received a gift from Okawaru
 44840 | Vaults:1 | Reached skill level 15 in Fighting
 46504 | Vaults:2 | Received a gift from Okawaru
 46782 | Vaults:2 | Reached XP level 20. HP: 179/179 MP: 27/27
 46839 | Vaults:2 | Found a staircase to the Crypt.
 47281 | Vaults:3 | Learned a level 1 spell: Apportation
 47457 | Vaults:3 | Received a gift from Okawaru
 47616 | Vaults:3 | Found a blossoming altar of Fedhas.
 47658 | Vaults:3 | Received a gift from Okawaru
 47847 | Vaults:3 | Found Awipt's Jewellery Shoppe.
 48281 | Vaults:3 | Received a gift from Okawaru
 48282 | Vaults:3 | Found the +15 Maxwell's patent armour {god gift, -Cast -Tele rElec MR+ rCorr}
 49122 | Vaults:4 | Found Toesaa's Food Emporium.
 49163 | Vaults:4 | Reached skill level 10 in Invocations
 50260 | Vaults:4 | Received a gift from Okawaru
 50319 | Vaults:4 | Got a dazzling centaur barding {god gift}
 51178 | D:15     | Identified the +2 centaur barding "Harhez" {god gift, *Drain rC+ rCorr} (Okawaru gifted it to you on level 4 of the Vaults)
 51196 | Depths:1 | Entered Level 1 of the Depths
 51661 | Depths:1 | Found a gateway to Hell.
 51719 | Depths:1 | Reached skill level 1 in Transmutations
 51751 | Depths:1 | Reached skill level 1 in Spellcasting
 52330 | Depths:2 | Reached XP level 21. HP: 189/189 MP: 28/28
 52446 | Depths:2 | Paralysed by a floating eye for 2 turns
 52554 | Depths:2 | Received a gift from Okawaru
 52719 | Depths:2 | Received a gift from Okawaru
 53145 | Depths:2 | Noticed a greater mummy
 53156 | Depths:2 | Killed a greater mummy
 53197 | Depths:2 | Noticed a greater mummy
 53214 | Depths:2 | Killed a greater mummy
 53759 | Depths:3 | Received a gift from Okawaru
 53914 | Depths:3 | Found a one-way gate leading to the halls of Pandemonium.
 53986 | Depths:3 | Got an iridescent shortbow
 54392 | Depths:3 | Received a gift from Okawaru
 54505 | Depths:3 | Received a gift from Okawaru
 54588 | Depths:3 | Got a shimmering longbow {god gift}
 54590 | Depths:3 | Identified the +4 longbow of Tension {god gift, speed, Int+6} (Okawaru gifted it to you on level 3 of the Depths)
 54689 | Depths:3 | Noticed an ancient lich
 54696 | Depths:3 | Killed an ancient lich
 54793 | Depths:3 | Identified the Compendium of the Lumpy Orbs
 55272 | Depths:4 | Got a dazzling leather armour
 55289 | Depths:4 | Received a gift from Okawaru
 55292 | Depths:4 | Reached XP level 22. HP: 200/200 MP: 29/29
 55381 | Depths:4 | Noticed the Enchantress
 55693 | Depths:4 | Noticed a golden dragon
 55704 | Depths:4 | Killed a golden dragon
 55704 | Depths:4 | Received a gift from Okawaru
 55733 | Depths:4 | Received a gift from Okawaru
 55954 | Depths:4 | Reached skill level 10 in Unarmed Combat
 56217 | Depths:4 | Got a pitted hand axe {antimagic}
 56217 | Depths:4 | Got a heavily runed jade ring
 56230 | Depths:4 | Reached skill level 27 in Bows
 56430 | Depths:4 | Got a brightly glowing silver ring
 56469 | Depths:4 | Found a one-way gate to the infinite horrors of the Abyss.
 56594 | Depths:4 | Reached skill level 5 in Transmutations
 56596 | Depths:4 | Killed the Enchantress
 56739 | Depths:4 | Got faerie dragon scales
 56753 | Depths:4 | Identified the +1 faerie dragon scales {rPois rC- rCorr Dex+7 Stlth+} (You took it off the Enchantress on level 4 of the Depths)
 56767 | Depths:4 | Identified the ring "Kutrif" {Wiz rC+ rN+} (You took it off a spriggan defender on level 4 of the Depths)
 56768 | Depths:4 | Identified the ring "Nufakkef" {Fire +Inv Str+2 Int+2 Stlth+} (You took it off a vampire mage on level 4 of the Depths)
 56931 | Depths:4 | Found a bloodstained altar of Trog.
 57059 | Depths:5 | Entered Level 5 of the Depths
 57061 | Depths:5 | Received a gift from Okawaru
 57164 | Depths:5 | Noticed Jorgrun
 57168 | Depths:5 | Killed Jorgrun
 57433 | Depths:5 | Noticed a golden dragon
 57442 | Depths:5 | Killed a golden dragon
 57511 | Depths:5 | Received a gift from Okawaru
 57569 | Depths:5 | Found a gate to the Realm of Zot.
 57691 | Depths:5 | Reached XP level 23. HP: 209/209 MP: 30/30
 57700 | Depths:5 | Found a gateway to a ziggurat.
 57986 | Depths:5 | Found Careocw's Serpentskin Sales.
 58246 | Depths:1 | Reached skill level 5 in Spellcasting
 58469 | Shoals:1 | Entered Level 1 of the Shoals
 58593 | Shoals:1 | Received a gift from Okawaru
 58597 | Shoals:1 | Got a slimy longbow {god gift}
 59008 | Shoals:1 | Found Vodoesm's Antique Armour Shoppe.
 59016 | Shoals:1 | Bought a polished ring mail for 279 gold pieces
 59026 | Shoals:1 | Identified the +9 ring mail of Existentialism {MR+} (You bought it in a shop on level 1 of the Shoals)
 59328 | Shoals:2 | Noticed Polyphemus
 59333 | Shoals:2 | Killed Polyphemus
 59333 | Shoals:2 | Reached skill level 1 in Necromancy
 59597 | Shoals:2 | Reached skill level 1 in Charms
 60542 | Shoals:4 | Entered Level 4 of the Shoals
 60551 | Shoals:4 | Found the brooch of Shielding {Reflect SH+8}
 60844 | Shoals:4 | Received a gift from Okawaru
 60847 | Shoals:4 | Got a shimmering shortbow {god gift}
 60848 | Shoals:4 | Identified the +3 longbow of Guepsaerghe {god gift, velocity, Str+2 Dex+4 Stlth+} (Okawaru gifted it to you on level 1 of the Shoals)
 60910 | Shoals:4 | Noticed Ilsuiw
 60939 | Shoals:4 | Killed Ilsuiw
 61777 | Shoals:4 | Learned a level 3 spell: Portal Projectile
 61828 | Shoals:4 | Got a barnacled rune of Zot
 62008 | Shoals:4 | Reached skill level 15 in Dodging
 62109 | Shoals:4 | Identified Wicwudik's Catalogue of Earth
 62129 | Shoals:4 | Learned a level 5 spell: Borgnjor's Vile Clutch
 62196 | Shoals:4 | Reached skill level 1 in Translocations
 63159 | D:13     | Received a gift from Okawaru
 63274 | Elf:1    | Entered Level 1 of the Elven Halls
 63495 | Elf:1    | Noticed Asterion
 63505 | Elf:1    | Killed Asterion
 63690 | Elf:1    | Reached XP level 24. HP: 220/220 MP: 31/31
 63844 | Elf:1    | Identified Faalafus's Incunabulum of Unholy Rites
 64289 | Elf:2    | Found a runed gate.
 64465 | Elf:2    | Found a runed gate.
 64465 | Elf:2    | Found a runed gate.
 64524 | Elf:3    | Entered Level 3 of the Elven Halls
 65093 | Elf:3    | Noticed Nikola
 65107 | Elf:3    | Killed Nikola
 65549 | Elf:3    | Received a gift from Okawaru
 65620 | Elf:3    | Received a gift from Okawaru
 65673 | Elf:3    | Noticed Bai Suzhen
 65703 | Elf:3    | Killed Bai Suzhen
 65761 | Elf:3    | Found the +10 morningstar "Eos" {elec, Halo rElec}
 65959 | Elf:3    | Got a warped scimitar
 66195 | Elf:3    | Identified the Collected Works on Assistive Ice
 66334 | Elf:3    | Got a brightly glowing shortbow
 66336 | Elf:3    | Got a crude platinum ring
 66337 | Elf:3    | Identified the ring of Anwenadur {rCorr rPois MP+9 Str-4 Int+6} (You found it on level 3 of the Elven Halls)
 66339 | Elf:3    | Identified Cohen's Collected Works on Flight and Good Luck
 66956 | Crypt:1  | Entered Level 1 of the Crypt
 67154 | Crypt:1  | Got a faintly glowing spear
 67201 | Crypt:1  | Reached skill level 1 in Earth Magic
 67631 | Crypt:1  | Noticed Sojobo
 67642 | Crypt:1  | Killed Sojobo
 67645 | Crypt:1  | Received a gift from Okawaru
 68238 | Crypt:1  | Identified the Handbook of Venom and Sinister Rituals
 68337 | Crypt:1  | Learned a level 2 spell: Sublimation of Blood
 68369 | Crypt:2  | Received a gift from Okawaru
 68420 | Crypt:2  | Reached XP level 25. HP: 231/231 MP: 33/33
 68621 | Crypt:2  | Received a gift from Okawaru
 69083 | Crypt:2  | Reached skill level 5 in Necromancy
 69460 | Crypt:2  | Reached skill level 5 in Translocations
 70074 | Crypt:3  | Entered Level 3 of the Crypt
 70393 | Crypt:3  | Received a gift from Okawaru
 70900 | Crypt:3  | Found an ancient bone altar of Kikubaaqudgha.
 70900 | Crypt:3  | Noticed an ancient lich
 70907 | Crypt:3  | Killed an ancient lich
 70966 | Crypt:3  | Identified the Incunabulum of Unholy Magic
 70981 | Crypt:3  | Got a brightly glowing arbalest
 70982 | Crypt:3  | Identified the +7 arbalest "Gifruire" {elec, +Fly MR+ Str+2 Int+2} (You found it on level 3 of the Crypt)
 71135 | Crypt:3  | Found a staircase to the Tomb.
 71509 | Crypt:3  | Got a bloodstained scale mail
 71511 | Crypt:3  | Got a smoking amber ring
 71522 | Crypt:3  | Identified the +6 scale mail "Ledas" {Dex+4} (You found it on level 3 of the Crypt)
 71533 | Crypt:3  | Got a translucent iron ring
 71534 | Crypt:3  | Identified the ring of Tukaag {rPois rN+} (You found it on level 3 of the Crypt)
 71535 | Crypt:3  | Identified the ring "Qode" {rElec rPois rN+} (You found it on level 3 of the Crypt)
 71649 | Crypt:3  | Identified the +2 shield "Nuqossung" {*Slow +Fly SInv Stlth+} (You found it on level 3 of the Crypt)
 72110 | Vaults:4 | Got a scorched great mace {venom}
 72111 | Vaults:4 | Identified the +10 great mace of Growth {venom, rN++} (You took it off a frost giant on level 4 of the Vaults)
 72304 | Vaults:5 | Entered Level 5 of the Vaults
 72362 | Vaults:5 | Noticed an ancient lich
 72407 | Vaults:5 | Killed an ancient lich
 72468 | Vaults:5 | Received a gift from Okawaru
 72846 | Vaults:5 | Noticed an ancient lich
 72850 | Vaults:5 | Received a gift from Okawaru
 72866 | Vaults:5 | Killed an ancient lich
 72866 | Vaults:5 | Received a gift from Okawaru
 72881 | Vaults:5 | Reached skill level 5 in Earth Magic
 72904 | Vaults:5 | Reached XP level 26. HP: 124/240 MP: 30/35
 73095 | Vaults:5 | Got a slimy shortbow {god gift}
 73100 | Vaults:5 | Identified the Reference Book on Supportive Curses
 73116 | Vaults:5 | Learned a level 6 spell: Statue Form
 73122 | Vaults:5 | Learned a level 5 spell: Aura of Abjuration
 73293 | Vaults:5 | Reached skill level 1 in Summonings
 73399 | Vaults:5 | Received a gift from Okawaru
 73713 | Vaults:5 | Received a gift from Okawaru
 74109 | Vaults:5 | Got an ancient great sword {freeze}
 74109 | Vaults:5 | Got a clouded ruby amulet
 74111 | Vaults:5 | Identified the amulet "Sycwib" {Spirit rC+ SInv} (You took it off a vault guard on level 5 of the Vaults)
 74143 | Vaults:5 | Got a silver rune of Zot
 74184 | Vaults:5 | Reached skill level 10 in Transmutations
 74586 | Vaults:5 | Found Carreje's Distillery.
 74667 | Vaults:5 | Received a gift from Okawaru
 74672 | Vaults:5 | Got a ruby-encrusted plate armour {god gift}
 74683 | Vaults:5 | Identified the +9 plate armour of the Loofah {god gift, *Slow rPois Regen+} (Okawaru gifted it to you on level 5 of the Vaults)
 74987 | Vaults:5 | Identified the Handbook of Stones and Enchantment
 75439 | Zot:1    | Entered Level 1 of the Realm of Zot
 77567 | Zot:2    | Noticed an orb of fire
 77825 | Zot:2    | Reached XP level 27. HP: 250/250 MP: 35/35
 78060 | Zot:2    | Received a gift from Okawaru
 78412 | Zot:2    | Reached skill level 5 in Summonings
 78942 | Zot:2    | Gained mutation: You are dopey. (Int -2) [an orb of fire]
 78944 | Zot:2    | Gained mutation: Your spells are a little easier to cast, but a little less powerful. [an orb of fire]
 78947 | Zot:2    | Killed an orb of fire
 80276 | Zot:4    | Received a gift from Okawaru
 81140 | Zot:4    | Received a gift from Okawaru
 81721 | Zot:4    | Received a gift from Okawaru
 81769 | Zot:4    | Got a twisted chain mail
 81771 | Zot:4    | Got a heavily runed leather armour
 81791 | Zot:4    | Got a fine pewter amulet
 81811 | Zot:4    | Got a crystal hand crossbow
 81840 | Zot:4    | Found the +8 demon blade "Leech" {vamp, rN+ AC-3 EV-3}
 81850 | Zot:4    | Got a glittering platinum ring
 81921 | Zot:4    | Identified the amulet of Juopn {Faith Int+2} (You found it on level 4 of the Realm of Zot)
 81923 | Zot:4    | Identified the ring "Hibyh" {MR- Str+7 Stlth-} (You found it on level 4 of the Realm of Zot)
 81937 | Zot:4    | Identified the +2 leather armour "Epaigion" {MR+ MP+9 Int+3 Stlth-} (You found it on level 4 of the Realm of Zot)
 81957 | Zot:4    | Identified the +8 chain mail of True Grit {Int+3 Dex+4} (You found it on level 4 of the Realm of Zot)
 81974 | Zot:5    | Entered Level 5 of the Realm of Zot
 82155 | Zot:5    | HP: 9/254 [Killer Klown (5)]
 82155 | Zot:5    | Slain by a death cob

Skill      XL: |  1  2  3  4  5  6  7  8  9 10 11 12 13 14 15 16 17 18 19 20 21 22 23 24 25 26 27 |
---------------+----------------------------------------------------------------------------------+-----
Bows           | 6 7 8 9 11 12 14 15 16 17 19 20 22 23 24 25 26 27 | 27.0
Unarmed Combat | 3 6 7 8 9 10 11 12 13 14 | 14.6
Armour         | 1 3 4 5 6 7 8 9 10 11 12 13 14 | 14.5
Dodging        | 2 3 4 5 6 7 8 9 10 11 12 13 14 15 16 17 | 17.8
Fighting       | 3 4 6 7 8 10 11 12 13 14 15 16 17 18 19 20 21 22 | 22.0
Invocations    | 3 6 8 9 10 | 10.0
Transmutations | 1 3 5 7 8 9 10 | 10.0
Spellcasting   | 1 3 4 5 7 8 9 |  9.8
Necromancy     | 3 4 6 8 9 |  9.6
Charms         | 3 4 |  4.0
Translocations | 2 4 6 |  6.0
Earth Magic    | 2 5 6 8 |  8.6
Summonings     | 4 6 |  6.7
Stealth        | |  0.4

Action                   |  1- 3 |  4- 6 |  7- 9 | 10-12 | 13-15 | 16-18 | 19-21 | 22-24 | 25-27 || total
-------------------------+-------+-------+-------+-------+-------+-------+-------+-------+-------++-------
Melee: Unarmed           |       |       |       |       |       |       |       |    23 |    53 ||    76
       Kick              |       |       |       |       |       |       |       |     8 |    19 ||    27
       Punch             |       |       |       |       |       |       |       |     4 |     5 ||     9
 Fire: Shortbow          |    99 |   288 |   580 |    97 |       |       |       |       |       ||  1064
       Longbow           |       |       |       |   439 |  1404 |  1366 |  1559 |  1794 |  1784 ||  8346
 Cast: Apportation       |       |       |       |       |       |       |     4 |       |    19 ||    23
       Blade Hands       |       |       |       |       |       |       |       |     3 |     2 ||     5
       Portal Projectile |       |       |       |       |       |       |       |     3 |     2 ||     5
       Regeneration      |       |       |       |       |       |       |       |       |     7 ||     7
Invok: Heroism           |       |       |       |    14 |    23 |    13 |     8 |     9 |     9 ||    76
       Finesse           |       |       |       |     3 |    12 |     8 |     3 |     7 |     8 ||    41
 Abil: End Transformatio |       |       |       |       |       |       |       |       |     1 ||     1
Evoke: Wand              |       |       |       |     4 |       |       |       |       |     2 ||     6
  Use: Scroll            |       |       |    11 |    12 |    11 |    13 |     3 |    13 |    18 ||    81
       Potion            |       |       |     5 |     3 |     3 |     3 |     1 |     1 |     2 ||    18
  Eat: Chunk             |       |     8 |    10 |    17 |    21 |    24 |    25 |    23 |    16 ||   144
       Ration            |       |       |     1 |     1 |     4 |     2 |     1 |     3 |     7 ||    19
Armor: Leather armour    |    14 |    22 |    22 |    16 |     8 |       |       |       |       ||    82
       Chain mail        |       |       |    45 |    17 |       |       |       |       |       ||    62
       Plate armour      |       |       |       |    38 |   219 |   120 |       |       |       ||   377
       Quicksilver drago |       |       |       |       |       |    52 |   147 |   156 |   102 ||   457
       Ring mail         |       |       |       |       |       |       |       |       |   150 ||   150
Dodge: Dodged            |    10 |    36 |   116 |    85 |   119 |   170 |   254 |   271 |   589 ||  1650
Block: Other             |       |       |       |    12 |    39 |    26 |    23 |    56 |   226 ||   382
       Reflection        |       |       |       |     1 |    12 |     3 |     9 |    10 |     8 ||    43

Vault maps used:
D:1:      minmay_arrival_three_doors, kennysheep_minor_cross,
          lemuel_old_faithful
D:2:      tgw_trog, marbit_many_paths, first_ration
D:3:      kennysheep_goblin_castle, amethyst_overflow_temple_binary,
          minivault_19, minmay_door_square, st_stairs_4
D:4:      grunt_gozag_statues, cheibriados_altar_1, serial_shops,
          nicolae_shop_stone, serial_co_window_serial,
          co_window_of_opportunity_a, co_window_of_opportunity_a,
          co_window_corner_a, co_window_paths_b, co_window_of_opportunity_a,
          co_window_corner_a, co_window_of_opportunity_b, co_window_broadway_c,
          co_window_corner_b, co_window_broadway_b, co_window_corner_b,
          co_window_unsneaky_path_a, co_window_4corner_b, glass_columns_a,
          glass_columns_b, glass_columns_b, supply_closet_lemuel,
          minmay_misc_feat_columns
D:5:      serial_shops, nicolae_shop_crystal, basic_altar, grunt_qazlal_clouds,
          uniq_menkaure, uniq_eustachio
D:6:      minmay_fire_ice_demons
D:7:      fedhas_altar_3, minmay_temple_entry_crystal_x, basic_altar,
          grunt_livestock, kennysheep_generic_room_4
D:8:      nicolae_overflow_hidden_temple, grunt_lair_entry_orc_guard_hut,
          uniq_prince_ribbit1
D:9:      vehumet_crystals, serial_ice, serial_ice_o, serial_ice_g,
          serial_ice_j, serial_ice_h, lemuel_hellish_altar
D:10:     uniq_harold, uniq_snorg, uniq_fannar
D:11:     david_orc_1_choice
D:12:     nicolae_ru_path_of_blood
D:13:     david_vaults_5
D:14:     hangedman_decor_slide_cut
D:15:     hangedman_depths_entry_civil_slaughter, evilmike_ruin_ashenzari,
          basic_altar
Temple:   nicolae_temple_god_jail
Lair:2:   elwin_shoals_entry_rooms, st_stairs_11
Lair:3:   guppyfry_snake_entry_island, st_stairs_6, uniq_nergalle
Lair:4:   lemuel_fruit_tree, uniq_josephine
Lair:5:   lab_entry_generic, nicolae_volcano_entry_s_turn, grunt_megastairs_5
Lair:6:   guppyfry_lair_end_dragon, wormcave, slime_dummy, lemuel_centaur_altar
Shoals:1: serial_shops, shop
Shoals:2: uniq_polyphemus
Shoals:4: shoals_end_grunt_garden, shoals_ilsuiw_ice, nicolae_shoals_mertower
Snake:1:  serial_shops, shop
Snake:2:  basic_altar, minmay_shoptagon
Snake:3:  uniq_saint_roka
Snake:4:  snake_pit_salamanders_mu, uniq_vashnia
Orc:1:    special_room, portal_ice_cave_demonic_guard, minmay_orc_temple_c,
          uniq_maurice
Orc:2:    st_orc_town
Elf:1:    elf_arrival_001, minmay_elf_necromancy,
          roderic_lattice_octagonal_star, uniq_asterion
Elf:3:    nooodl_elf_gasket, uniq_bai_suzhen, uniq_nikola
Vaults:1: nicolae_vaults_angled_halls, v_misc_14, vaults_room_guarded_vault,
          nicolae_vaults_rhombus_6, vaults_room_door_hall,
          nicolae_vaults_alarming, serial_ice_h, serial_shops, shop,
          portal_desolation_entry_nicolae_nacl
Vaults:2: special_room_vaults, hangedman_vaults_unwind, hangedman_vaults_maws,
          minmay_crypt_entry_simple_walls, v_misc_31,
          nicolae_vaults_shelves_hall, nicolae_vaults_what_the_h,
          vaults_room_large_hall, nicolae_vaults_network_quinsquares,
          v_pattern_1, v_misc_17, vaults_dpeg_cross, vaults_room_door_ring
Vaults:3: v_alt_pattern_3, ontoclasm_vaults_decontamination, v_misc_5,
          v_alt_pattern_5, ontoclasm_vaults_ring_small,
          nicolae_vaults_rhombus_6, v_misc_2, ontoclasm_vaults_spin,
          basic_altar, serial_shops, shop
Vaults:4: ontoclasm_vaults_ring_small, v_rooms_5, nicolae_vaults_network_square,
          v_misc_28, nicolae_vaults_network_s, ontoclasm_vaults_ring_small,
          ontoclasm_vaults_ring_large, v_pattern_2,
          nicolae_vaults_network_barrier, v_misc_25, ontoclasm_vaults_pinch,
          serial_shops, nicolae_shop_window_shopping
Crypt:1:  st_stairs_8, st_burial_chamber, grunt_megastairs_1, uniq_sojobo
Crypt:2:  grunt_ministairs_6, st_stairs_8, moated_statue
Crypt:3:  cryptofortress_bobbens
Depths:1: hangedman_decor_diamond_cutter, hellmouth_1, minmay_three_doors
Depths:2: ragdoll_tomb_raider, hell_entry, roderic_cross_of_infinity,
          minmay_misc_feat_more_columns, nicolae_water_bricks
Depths:3: minmay_expanding_squares, pf_coc_iceberg, pan_entry,
          minmay_curled_crystal, grunt_ministairs_6, infiniplex_staircase_star,
          serial_bayou_shore_b
Depths:4: minmay_the_grid_octo_tiled_octocenter_mashed, abyss_entry,
          hangedman_abyss_or_decor_stabs, hell_entry, uniq_enchantress
Depths:5: evilmike_zot_entry_round, enter_ziggurat_d, minmay_room_of_horrors,
          hell_entry, grunt_decor_mini_mirrors, serial_sigils_hangedman_snap,
          guppyfry_shop_venom, uniq_jorgrun
Zot:3:    lemuel_elevator, basic_stair_grate_trap, grunt_megastairs_3
Zot:4:    st_large_dragon_hoard_2
IceCv:    ice_cave_statue_garden_teleport
Volcano:  volcano_grotto
